 Dungeon Crawl Stone Soup version 0.23.2-30-g0e89c35649 (webtiles) character file.

Game seed: 1321583336443818378

22 troglodite the Caller (level 2, 0/27 HPs)
             Began as an Octopode Summoner on June 23, 2019.
             Succumbed to an adder's poison
             ... on level 2 of the Dungeon.
             The game lasted 00:06:17 (979 turns).

troglodite the Caller (Octopode Summoner)            Turns: 979, Time: 00:06:18

Health: 0/27       AC: 21    Str: 12    XL:     2   Next: 91%
Magic:  4/5        EV:  2    Int: 17    God:
Gold:   63         SH:  0    Dex: 15    Spells: 2/5 levels left

rFire    . . .     SeeInvis .   h - +0 dagger
rCold    . . .     Gourm    .   (no shield)
rNeg     + + +     Faith    .   (helmet currently unavailable)
rPois    +         Spirit   .   (no amulet)
rElec    .         Reflect  .   f - +3 ring of dexterity
rCorr    .         Harm     .   d - ring of flight
MR       .....     NoTele   +   (no ring)
Stlth    ++........             (no ring)
HPRegen  0.09/turn              (no ring)
MPRegen  0.09/turn              (no ring)
                                (no ring)
                                (no ring)

@: mighty, lethally poisoned (0 -> -11), tree-form, hasted, very quick
A: almost no armour, stealthy swim, (amphibious), 8 rings, (constrict 8)
a: no special abilities


You were on level 2 of the Dungeon.
You were not hungry.
You were a tree.
You visited 1 branch of the dungeon, and saw 2 of its levels.

You collected 63 gold pieces.

Inventory:

Hand Weapons
 h - a +0 dagger (weapon)
Jewellery
 d - a ring of flight (right branch)
 f - a +3 ring of dexterity (left branch)
Scrolls
 e - 2 scrolls of identify {unknown}
 g - a scroll of immolation {unknown}
 i - 2 scrolls of enchant armour {unknown}
 k - a scroll of remove curse {unknown}
Comestibles
 b - 3 rations
 l - 4 chunks of flesh


   Skills:
 * Level 0.8 Fighting
 + Level 2.1 Dodging
 * Level 3.3 Stealth
 + Level 0.2 Unarmed Combat
 * Level 2.0 Spellcasting
 * Level 4.2 Summonings


You had 2 spell levels left.
You knew the following spells:

 Your Spells              Type           Power        Failure   Level  Hunger
a - Summon Small Mammal   Summ           ###.         3%          1    #......
b - Call Imp              Summ           ###.....     4%          2    ###....

Your spell library contained the following spells:

 Spells                   Type           Power        Failure   Level  Hunger
 Call Canine Familiar     Summ           ###.....     10%         3    ###....
 Summon Guardian Golem    Hex/Summ       #.......     24%         3    ###....
 Summon Ice Beast         Ice/Summ       #.......     63%         4    #####..
 Summon Lightning Spire   Summ/Air       #.......     63%         4    #####..


Dungeon Overview and Level Annotations

Branches:
Dungeon (2/15)

Altars:


Innate Abilities, Weirdness & Mutations

You cannot wear most types of armour.
You are very stealthy in the water. (Stealth+)
((You are amphibious.))
You can wear up to eight rings at the same time.
((You can use your tentacles to constrict eight enemies at once.))
((Your skin changes colour to match your surroundings (Stealth+).))
((Your rubbery body absorbs attacks. (AC +1, EV +1)))


Message History

You feel sick.
Your bat barely misses the adder.
The adder bites you but does no damage. x2
It was a potion of haste.
You feel yourself speed up.
* * * LOW HITPOINT WARNING * * *
You feel sick.
Your bat hits the adder but does no damage.
The adder bites you but does no damage.
It was a potion of might.
You feel very mighty all of a sudden.
* * * LOW HITPOINT WARNING * * *
You feel sick. The adder bites you but does no damage.
Your bat misses the adder. You puncture the adder!
You kill the adder!
* * * LOW HITPOINT WARNING * * *
You feel sick.
d - a ring of flight (right branch)
You cannot move.
You cannot move.
You die...

#........+
.........#
.........###
..##.......# ..
#......)# ..
#.......#
...##.......###l
................
.......♣........
........b.......
................
#....#.....#....
######.....####.
......# ........
..........
...........


You could see a friendly bat.

Vanquished Creatures
  An adder (D:2)
  2 bats (D:1)
  A giant cockroach (D:1)
  3 hobgoblins (D:1)
  A kobold (D:1)
  A frilled lizard (D:1)
  A goblin (D:1)
  A rat (D:1)
11 creatures vanquished.

Vanquished Creatures (collateral kills)
  A bat (D:1)
  A hobgoblin (D:1)
2 creatures vanquished.

Grand Total: 13 creatures vanquished

Notes
Turn   | Place    | Note
-------+----------+-------------------------------------------
     0 | D:1      | troglodite the Octopode Summoner began the quest for the
                  | Orb.
     0 | D:1      | Reached XP level 1. HP: 11/11 MP: 3/3
   347 | D:1      | Reached XP level 2. HP: 13/18 MP: 3/5
   589 | D:1      | Learned a level 2 spell: Call Imp
   977 | D:2      | HP: 1/27 [poisoned by an adder]
   979 | D:2      | Succumbed to an adder's poison

Skill      XL: |  1  2 |
---------------+-------+-----
Stealth        | 3 |  3.3
Fighting       | |  0.8
Dodging        | |  2.1
Unarmed Combat | |  0.2
Spellcasting   | |  2.0
Summonings     | |  4.2

Action                   || total
-------------------------++-------
Melee: Unarmed           ||    22
       Constrict         ||     6
       Tentacles         ||     5
       Dagger            ||    11
 Cast: Summon Small Mamm ||     8
  Use: Potion            ||     3
 Stab: Sleeping          ||     6
Armor: Skin              ||     8
Dodge: Dodged            ||    20
